 Dungeon Crawl Stone Soup version 0.31-a0-219-g8d62b2e7bb (webtiles) character file.

Game seed: 12641563542346653010

42 Maxmaps the Caller (level 3, -4/28 HPs)
             Began as a Demonspawn Summoner on July 3, 2023.
             Slain by a gnoll
             ... wielding a +0 flail
              (9 damage)
             ... on level 3 of the Dungeon.
             The game lasted 00:01:56 (1800 turns).

Maxmaps the Caller (Demonspawn Summoner)            Turns: 1800, Time: 00:01:56

Health: -4/28      AC:  5    Str:  8    XL:     3   Next: 33%
Magic:  5/6        EV: 10    Int: 18    God:
Gold:   104        SH:  0    Dex: 13    Spells: 5/6 levels left

rFire   . . .        g - +0 trident
rCold   . . .        (no shield)
rNeg    . . .        k - +0 ring mail
rPois   .            (no helmet)
rElec   .            (no cloak)
rCorr   .            (no gloves)
SInv    .            (no boots)
Will    .....        (no amulet)
Stlth   +            (no ring)
HPRegen 0.24/turn    (no ring)
MPRegen 0.10/turn

%: no passive effects
@: very slightly contaminated
A: demonic guardian 1
a: no special abilities


You were on level 3 of the Dungeon.
You visited 1 branch of the dungeon, and saw 3 of its levels.

You collected 104 gold pieces.

Inventory:

Hand Weapons
 g - a +0 trident (weapon)
 i - a +1 whip of venom
Armour
 a - a +0 robe
 k - a +0 ring mail (worn)
Scrolls
 j - a scroll of teleportation
Potions
 b - a potion of magic
 c - a potion of degeneration
 d - 2 potions of enlightenment
 h - a potion of heal wounds {unknown}
 l - a potion of curing {unknown}


   Skills:
 + Level 2.6 Fighting
 - Level 1.7 Dodging
 - Level 1.7 Stealth
 - Level 2.0 Spellcasting
 - Level 4.3 Summonings


You had 5 spell levels left.
You knew the following spells:

 Your Spells              Type           Power      Damage    Failure   Level
a - Summon Small Mammal   Summ           68%        N/A       10%         1

Your spell library contained the following spells:

 Spells                   Type           Power      Damage    Failure   Level
 Call Imp                 Summ           34%        N/A       14%         2
 Call Canine Familiar     Summ           17%        N/A       28%         3
 Summon Guardian Golem    Hex/Summ       9%         N/A       56%         3
 Blink                    Tloc           2%         N/A       63%         2
 Lesser Beckoning         Tloc           2%         N/A       63%         2
 Momentum Strike          Conj/Tloc      2%         3d8       63%         2
 Summon Lightning Spire   Summ/Air       9%         N/A       93%         4


Dungeon Overview and Level Annotations

Branches:
Dungeon (3/15)

Altars:


Innate Abilities, Weirdness & Mutations

A weak demonic guardian rushes to your aid.


Message History

Unknown command.
Your surroundings suddenly seem different.
Found 9 gold pieces.
You now have 104 gold pieces (gained 9).
You open the door.
A gnoll comes into view. It is wielding a +0 flail.
Found a fizzy red potion.
A gnoll comes into view. It is wielding a +0 spear.
There is an open door here.
A gnoll comes into view. It is wielding a +0 whip.
You reach to attack!
You hit the gnoll.
The gnoll is moderately wounded.
The gnoll shouts!
There is an open door here.
The gnoll attacks as you move away! The gnoll barely misses you.
Casting: Summon Small Mammal (safe; 10% risk of failure)
Confirm with . or Enter, or press ? or * to list all spells.
You miscast Summon Small Mammal.
You are very lightly contaminated with residual magic.
Nothing appears to happen.
The gnoll barely misses you.
You hit the gnoll.
The gnoll is severely wounded.
The gnoll closely misses you.
You hit the gnoll.
The gnoll is severely wounded.
The gnoll hits you from afar with a +0 spear.
The gnoll hits you with a +0 flail.
You barely miss the gnoll.
The gnoll is severely wounded.
The gnoll hits you from afar with a +0 spear.
The gnoll barely misses you.
The gnoll hits you from afar with a +0 spear!
* * * LOW HITPOINT WARNING * * *
The gnoll hits you with a +0 flail.
* * * LOW HITPOINT WARNING * * *
A demonic guardian appears!
Your ufetubus hits the gnoll but does no damage.
Your ufetubus barely misses the gnoll.
The gnoll attacks as you move away! The gnoll hits you with a +0 flail!
You die...

##+## #
##...## ..
##.....##
#.##
##.......##
.#####....##
#.........#
...<........
+.........+
.###......##
#.........#
.......#
##.@g5...##
..........
##.....##
#.#.♣♣♣♣♣..
##g..##
#...♣ .
##g## #..♣♣
#.# # . #.#
.!. #....
......


You could see 3 gnolls and a friendly ufetubus (summoned).

Vanquished Creatures
  An adder (D:2)
  A dart slug (D:1)
  3 endoplasms
  A goblin (D:2)
  A hobgoblin (D:2)
  A jackal (D:1)
  2 kobolds
  A quokka (D:1)
  2 ball pythons
  A frilled lizard (D:2)
  4 rats
18 creatures vanquished.

Vanquished Creatures (collateral kills)
  A worm (D:2)
  2 endoplasms (D:1)
  A hobgoblin (D:1)
  A jackal (D:1)
  A frilled lizard (D:1)
  3 rats (D:1)
9 creatures vanquished.

Grand Total: 27 creatures vanquished

Notes
Turn   | Place    | Note
-------+----------+-------------------------------------------
     0 | D:1      | Maxmaps the Demonspawn Summoner began the quest for the
                  | Orb.
     0 | D:1      | Reached XP level 1. HP: 13/13 MP: 3/3
   265 | D:1      | Gained mutation: A weak demonic guardian rushes to your
                  | aid. [demonic ancestry]
   265 | D:1      | Reached XP level 2. HP: 17/20 MP: 3/5
   267 | D:1      | Reached skill level 1 in Fighting
  1364 | D:2      | Identified the +2 ring mail of Sif Muna's Wrath {rC+}
  1521 | D:2      | Reached XP level 3. HP: 18/28 MP: 6/6
  1800 | D:3      | Slain by a gnoll

Illustrated notes

Levels and vault maps discovered:
D:1:      eino_arrival_tree_alley, layout_basic, minmay_hexomino_c4
D:2:      layout_basic
D:3:      layout_loops_corners, portal_sewer_entry_f, hangedman_decor_growths,
          nrook_campfire

Skill      XL: |  1  2 |
---------------+-------+-----
Fighting       | 2 |  2.6
Dodging        | |  1.7
Stealth        | |  1.7
Spellcasting   | |  2.0
Summonings     | |  4.3

Action                     || total
---------------------------++-------
  Melee: Unarmed           ||    15
         Trident           ||    63
   Cast: Summon Small Mamm ||     9
    Use: Scroll            ||     5
   Stab: Sleeping          ||     2
 Armour: Robe              ||     8
         Ring mail         ||     9
  Dodge: Dodged            ||    41

Table legend: (Time is in decaauts)
 A = Elapsed time spent in this place.
 B = Non-inter-level travel time spent in this place.
 C = Inter-level travel time spent in this place.
 D = Time resting spent in this place.
 E = Time spent auto-exploring this place.
 F = Levels seen in this place.
 G = Mean time per level.
                   A        B        C        D        E       F      G
               +--------+--------+--------+--------+--------+-----+--------+
         Total |   1818 |   1622 |    196 |     52 |   1323 |   3 |  606.0 |
       Dungeon |   1818 |   1622 |    196 |     52 |   1323 |   3 |  606.0 |
               +--------+--------+--------+--------+--------+-----+--------+

Top non-repeatable levels by time:
     D:2: 1016 daAuts
     D:1: 774 daAuts
     D:3: 28 daAuts
